 Dungeon Crawl Stone Soup version 0.31.0-12-g77e489cdc1 (webtiles) character file.

Game seed: 16797714101345680324

429 lordive the Shooter (level 6, -1/52 HPs)
             Began as a Minotaur Hunter on Feb 28, 2024.
             Slain by Robin
             ... wielding a +0 spectral club
              (3 damage)
             ... on level 4 of the Dungeon.
             The game lasted 00:07:00 (2234 turns).

lordive the Shooter (Minotaur Hunter)               Turns: 2234, Time: 00:07:00

Health: -1/52      AC:  7    Str: 15    XL:     6   Next: 66%
Magic:  5/5        EV: 10    Int:  6    God:
Gold:   175        SH:  0    Dex: 16    Spells: 5/5 levels left

rFire   . . .        a - +0 shortbow
rCold   . . .        (shield currently unavailable)
rNeg    . . .        j - +0 scale mail
rPois   .            (helmet restricted)
rElec   .            n - +0 cloak
rCorr   .            (no gloves)
SInv    .            (no boots)
Will    .....        (no amulet) Stlth
                     (no ring)
HPRegen 0.28/turn    (no ring)
MPRegen 0.09/turn

%: no passive effects
@: no status effects
A: horns 2, retaliatory headbutt
a: no special abilities


You were on level 4 of the Dungeon.
You visited 1 branch of the dungeon, and saw 4 of its levels.

You collected 175 gold pieces.

Inventory:

Hand Weapons
 a - a +0 shortbow (weapon)
 p - a +0 rapier of protection
 r - a +0 rapier of flaming
Missiles
 f - 3 atropa-tipped darts
Armour
 j - a +0 scale mail (worn)
 n - a +0 cloak (worn)
Jewellery
 c - an amulet of faith
Wands
 m - a wand of quicksilver (5)
Scrolls
 b - a scroll of butterflies
 d - 3 scrolls of teleportation {unknown}
 e - 6 scrolls of identify {unknown}
 g - a scroll of enchant armour {unknown}
 l - 2 scrolls of immolation {unknown}
 q - a scroll of silence {unknown}
 s - a scroll of vulnerability {unknown}
Potions
 h - a potion of resistance {unknown}
 i - a potion of mutation {unknown}
 k - 2 potions of might {unknown}
 o - 3 potions of heal wounds {unknown}
 t - a potion of cancellation {unknown}
 u - a potion of magic {unknown}
 v - a potion of curing {unknown}


   Skills:
 + Level 3.8 Fighting
 + Level 7.6 Ranged Weapons
 + Level 2.8 Armour
 + Level 2.6 Dodging
 - Level 1.2 Stealth


You had 5 spell levels left.
You didn't know any spells.
Your spell library was empty.

Dungeon Overview and Level Annotations

Branches:
Dungeon (4/15)
 Temple: D:4-7

Altars:
Ashenzari
Xom

Annotations:
D:4 Robin


Innate Abilities, Weirdness & Mutations

You have a pair of horns on your head.
You reflexively headbutt those who attack you in melee.


Message History

Press: ? - help, Q - select action, (/) - cycle Shift-Dir - straight line, f/p - adder
Aim: an adder (heavily wounded, 48% to hit)
You shoot an arrow. The arrow hits the adder!
You kill the adder!
Unknown command.
Unknown command.
Fire: a) +0 shortbow
Press: ? - help, Q - select action, (/) - cycle Shift-Dir - straight line, f - hobgoblin
Aim: a hobgoblin (almost dead, strong, 64% to hit)
You shoot an arrow. The arrow hits the hobgoblin.
You kill the hobgoblin!
The gnoll hits you but does no damage.
Fire: a) +0 shortbow
Press: ? - help, Q - select action, (/) - cycle Shift-Dir - straight line, f - gnoll
Aim: a gnoll, wielding a +0 club (68% to hit)
You shoot an arrow. The arrow hits the gnoll!
You kill the gnoll!
Unknown command.
Fire: a) +0 shortbow
Press: ? - help, Q - select action, (/) - cycle Shift-Dir - straight line, f - Robin
Aim: Robin, wielding a +0 spectral club, wearing a +0 animal skin and wearing a +0 helmet (71% to hit)
You shoot an arrow. The arrow hits Robin.
Robin is moderately wounded.
Robin hits you with a +0 spectral club.
* * * LOW HITPOINT WARNING * * *
Fire: a) +0 shortbow
Press: ? - help, Q - select action, (/) - cycle Shift-Dir - straight line, f/p - Robin
Aim: Robin, wielding a +0 spectral club, wearing a +0 animal skin and wearing a +0 helmet (moderately wounded, 71% to hit)
You shoot an arrow.
The arrow hits Robin but does no damage.
Robin is moderately wounded.
Robin barely misses you.
Fire: a) +0 shortbow
Press: ? - help, Q - select action, (/) - cycle Shift-Dir - straight line, f/p - Robin
Aim: Robin, wielding a +0 spectral club, wearing a +0 animal skin and wearing a +0 helmet (moderately wounded, 71% to hit)
You shoot an arrow. The arrow hits Robin.
Robin is moderately wounded.
Robin hits you with a +0 spectral club.
You die...
Robin lets out a smug laugh.

........................#........
...........####.......#.###.####.
...........# #######.......# #.
...........# #####.####### #†
....#############.....# #. ...
#...# #...#..##### #.
#...###...#.## #. #.))......#.#
#. #)..)g..g.#@# ##
......)).......#g#
#####.....gg...gg#
......####..### .###...# #..# #
##.## #..# #.# #.## #.# ..# ##.#


You could see Robin and 2 gnolls.

Vanquished Creatures
  Eustachio (D:3)
  A scorpion (D:3)
  A hound (D:4)
  7 adders
  A gnoll (D:4)
  3 ribbon worms
  11 dart slugs (D:3)
  3 orcs (D:3)
  7 ball pythons
  4 bats
  7 endoplasms
  2 giant cockroaches
  6 hobgoblins
  5 kobolds
  4 quokkas
  A frilled lizard (D:3)
  15 goblins
  3 rats
82 creatures vanquished.

Notes
Turn   | Place    | Note
-------+----------+-------------------------------------------
     0 | D:1      | lordive the Minotaur Hunter began the quest for the Orb.
     0 | D:1      | Reached XP level 1. HP: 18/18 MP: 0/0
    38 | D:1      | Reached skill level 1 in Stealth
   199 | D:1      | Reached XP level 2. HP: 25/25 MP: 1/1
   333 | D:2      | Reached skill level 5 in Ranged Weapons
   421 | D:2      | Reached XP level 3. HP: 21/30 MP: 2/2
   618 | D:2      | Reached skill level 1 in Armour
   686 | D:2      | Reached XP level 4. HP: 13/37 MP: 3/3
   877 | D:2      | Found a faded altar of an unknown god.
  1259 | D:3      | Found a shimmering altar of Xom.
  1314 | D:3      | Found a broken altar of Ashenzari.
  1321 | D:3      | Reached skill level 6 in Ranged Weapons
  1378 | D:3      | Noticed a scorpion
  1385 | D:3      | Killed a scorpion
  1386 | D:3      | Reached XP level 5. HP: 42/45 MP: 4/4
  1452 | D:4      | Noticed Eustachio
  1574 | D:3      | Killed Eustachio
  1575 | D:3      | Reached skill level 7 in Ranged Weapons
  1575 | D:3      | Reached XP level 6. HP: 28/51 MP: 5/5
  2203 | D:4      | Noticed Robin
  2224 | D:4      | HP: 1/52 [gnoll/+0 club (8)]
  2232 | D:4      | HP: 1/52 [Robin/+0 spectral club (2)]
  2234 | D:4      | Slain by Robin

Illustrated notes

Levels and vault maps discovered:
D:1:      lightli_arrival_lavapool, layout_rooms, serial_aquarium,
          aquarium_bridge_long_separate [aquarium_subvault_wall,
          aquarium_subvault_bridge, aquarium_subvault_wall,
          aquarium_subvault_window, aquarium_subvault_bridge,
          aquarium_subvault_window], aquarium_bridge_square
          [aquarium_subvault_wall, aquarium_subvault_window,
          aquarium_subvault_bridge, aquarium_subvault_bridge],
          aquarium_window_2, aquarium_window_fake, aquarium_view_2a,
          aquarium_balcony_5b
D:2:      minmay_inner_zag, layout_basic,
          shapermc_ecumenical_altar_starsandcircs
D:3:      kennysheep_slugbush, layout_basic,
          mainiacjoe_overflow_small_starburst,
          mainiacjoe_overflow_six_doors_small
D:4:      layout_basic, vehumet_crystals, minmay_manual_monstrance, uniq_robin,
          uniq_eustachio

Skill      XL: |  1  2  3  4  5 |
---------------+----------------+-----
Stealth        | 1 |  1.2
Ranged Weapons | 5 6 7 |  7.6
Armour         | 1 2 |  2.8
Fighting       | 3 |  3.8
Dodging        | |  2.6

Action                     |  1- 3 |  4- 6 || total
---------------------------+-------+-------++-------
   Fire: Shortbow          |   126 |   186 ||   312
 Armour: Leather armour    |    15 |       ||    15
         Scale mail        |    24 |   109 ||   133
  Dodge: Dodged            |    38 |   106 ||   144
